 Dungeon Crawl Stone Soup version 0.28.0 (webtiles) character file.

Game seed: 412284107476369687

111 themarg the Caller (level 4, -2/30 HPs)
             Began as a Merfolk Summoner on Feb 16, 2022.
             Killed by nerve-wracking pain
             ... invoked by Jessica
              (12 damage)
             ... on level 3 of the Dungeon.
             The game lasted 00:13:46 (2860 turns).

themarg the Caller (Merfolk Summoner)               Turns: 2860, Time: 00:13:47

Health: -2/30      AC:  4    Str:  8    XL:     4   Next: 92%
Magic:  3/8        EV: 17    Int: 16    God:
Gold:   92         SH:  0    Dex: 14    Spells: 4/8 levels left

rFire   . . .      SeeInvis .   d - +0 short sword
rCold   + . .      Faith    .   (no shield)
rNeg    . . .      Spirit   .   t - +2 robe {rC+}
rPois   .          Reflect  .   (no helmet)
rElec   .          Harm     .   (no cloak)
rCorr   .          Rampage  .   (no gloves)
Will    +....                   (no boots)
Stlth   ++........              (no amulet)
HPRegen 0.10/turn               h - +4 ring of evasion
MPRegen 0.11/turn               j - ring of willpower

@: no status effects
A: (nimble swimmer 2), mertail
a: no special abilities


You were on level 3 of the Dungeon.
You visited 1 branch of the dungeon, and saw 3 of its levels.

You collected 92 gold pieces.

Inventory:

Hand Weapons
 d - a +0 short sword (weapon)
Missiles
 i - 120 stones (quivered)
Armour
 t - a +2 robe of cold resistance (worn)
Jewellery
 h - a +4 ring of evasion (left hand)
 j - a ring of willpower (right hand)
 n - a ring of wizardry
 p - an amulet of guardian spirit
Scrolls
 a - a scroll of summoning {unknown}
 g - a scroll of holy word {unknown}
 k - a scroll of teleportation {unknown}
 m - 2 scrolls of blinking {unknown}
 r - a scroll of identify {unknown}
 s - a scroll of fear {unknown}
Potions
 c - a potion of brilliance {unknown}
 e - a potion of might {unknown}
 f - a potion of mutation {unknown}
 l - a potion of haste {unknown}
 o - 2 potions of attraction {unknown}
 q - a potion of invisibility {unknown}


   Skills:
 + Level 3.9 Dodging
 + Level 3.4 Stealth
 + Level 2.8 Spellcasting
 + Level 4.5 Summonings


You had 4 spell levels left.
You knew the following spells:

 Your Spells              Type           Power      Damage    Failure   Level
a - Summon Small Mammal   Summ           64%        N/A       3%          1
b - Call Canine Familiar  Summ           16%        N/A       9%          3

Your spell library contained the following spells:

 Spells                   Type           Power      Damage    Failure   Level
 Call Imp                 Summ           16%        N/A       4%          2
 Summon Guardian Golem    Hex/Summ       9%         N/A       22%         3
 Summon Lightning Spire   Summ/Air       9%         N/A       58%         4
 Malign Gateway           Summ/Tloc      4%         N/A       100%        7
 Summon Horrible Things   Summ           8%         N/A       100%        8


Dungeon Overview and Level Annotations

Branches:
Dungeon (3/15)

Altars:
Makhleb
Qazlal

Annotations:
D:3 Jessica


Innate Abilities, Weirdness & Mutations

((You are very nimble when in or above water. (Stealth+, EV+, Speed+++)))
Your lower body shifts to a powerful aquatic tail in water.


Message History

Your hound bites Jessica but does no damage.
Your hound closely misses Jessica.
Jessica hits your hound with a +0 dagger.
Your hound bites Jessica but does no damage.
Jessica closely misses your hound.
Your hound bites Jessica but does no damage.
Your hound bites Jessica.
Jessica mumbles some strange words.
Jessica blinks!
Your magical contamination has completely faded away.
You start resting.
Your hound disappears in a puff of smoke!
Magic restored.
Found 6 gold pieces.
Jessica gestures wildly while chanting.
Jessica seems to speed up.
Casting: Call Canine Familiar (quite dangerous; 9% risk of failure)
Confirm with . or Enter, or press ? or * to list all spells.
The spell is quite dangerous to miscast (9% risk of failure)!
Continue anyway?
You miscast Call Canine Familiar.
You are very lightly contaminated with residual magic.
Nothing appears to happen.
Jessica says, "I'm really upset."
Casting: Call Canine Familiar (quite dangerous; 9% risk of failure)
Confirm with . or Enter, or press ? or * to list all spells.
The spell is quite dangerous to miscast (9% risk of failure)!
Continue anyway?
Your legs become a tail as you enter the water.
Jessica gestures at you while chanting. You resist with some effort.
Jessica zaps a wand.
The puff of flame hits you!
Jessica zaps a wand.
The puff of flame hits you!
Jessica zaps a wand.
The puff of flame misses you.
Jessica zaps a wand.
The puff of flame misses you.
The now-empty wand crumbles to dust.
Jessica points at you and mumbles some strange words.
You resist with some effort.
Your hound is engulfed in a cloud of scalding steam.
Your hound is engulfed in a cloud of scalding steam. x2
Your magical contamination has completely faded away.
Jessica casts a spell at you. Pain shoots through your body!
You die...

####### ####.....# ........)#
########## ####.....#
#........####### # #.#####
#.............$# # #.#
#.@..$)........# ####.#
##....h§........# .....#
#....≈§≈§≈≈≈≈≈..# ######
#....≈@......≈..# ##
#....≈(≈.≈≈≈.≈^.#...
##############......§...≈.≈..#...
.....†.......)....≈.≈._.≈.≈......
############.#....≈.§...≈.≈......
#.#....≈.≈≈≈≈≈.≈..####


You could see Jessica (fast, ally target) and a friendly hound (summoned).

Vanquished Creatures
  A worm (D:2)
  2 endoplasms
  2 giant cockroaches
  3 goblins
  4 hobgoblins
  3 kobolds
  A quokka (D:1)
  A ball python (D:1)
  3 bats (D:1)
  A frilled lizard (D:1)
  4 rats
25 creatures vanquished.

Vanquished Creatures (collateral kills)
  3 adders
  A shadow imp (D:3)
  A worm (D:2)
  2 dart slugs
  3 endoplasms (D:1)
  A giant cockroach (D:1)
  6 goblins
  3 hobgoblins (D:2)
  A quokka (D:2)
  6 ball pythons
  4 bats
  2 kobolds (D:1)
  4 rats
37 creatures vanquished.

Grand Total: 62 creatures vanquished

Notes
Turn   | Place    | Note
-------+----------+-------------------------------------------
     0 | D:1      | themarg the Merfolk Summoner began the quest for the Orb.
     0 | D:1      | Reached XP level 1. HP: 13/13 MP: 3/3
   249 | D:1      | Reached XP level 2. HP: 10/19 MP: 1/5
  1205 | D:1      | Reached XP level 3. HP: 22/24 MP: 3/6
  1976 | D:2      | Learned a level 3 spell: Call Canine Familiar
  1978 | D:2      | Reached XP level 4. HP: 30/30 MP: 4/7
  2024 | D:2      | Found a stormy altar of Qazlal.
  2438 | D:3      | Found a faded altar of an unknown god.
  2439 | D:3      | Noticed Jessica
  2585 | D:3      | Found a burning altar of Makhleb.
  2860 | D:3      | Killed from afar by Jessica

Illustrated notes

Levels and vault maps discovered:
D:1:      dpeg_arrival_concentric_ovals, layout_basic
D:2:      layout_rooms, basic_altar
D:3:      layout_basic, mainiacjoe_overflow_concentric_impassable,
          ebering_ecumenical_altar_mist, uniq_jessica

Skill      XL: |  1  2  3 |
---------------+----------+-----
Dodging        | 3 |  3.9
Stealth        | 3 |  3.4
Spellcasting   | |  2.8
Summonings     | |  4.5

Action                   |  1- 3 |  4- 6 || total
-------------------------+-------+-------++-------
Melee: Dagger            |     9 |       ||     9
       Short sword       |    69 |    35 ||   104
       Punch             |     1 |       ||     1
 Cast: Summon Small Mamm |    45 |    11 ||    56
       Call Canine Famil |       |     6 ||     6
 Stab: Sleeping          |     3 |     4 ||     7
       Distracted        |     1 |       ||     1
Armor: Robe              |    18 |     5 ||    23
Dodge: Dodged            |    75 |    42 ||   117
